 Dungeon Crawl Stone Soup version 0.30.0-20-g3615ddf2f0 (webtiles) character file.

Game seed: 1737696967837752902

2618 qw the Cleaver (level 9, -2/56 HPs)
             Began as a Gargoyle Fighter on May 31, 2023.
             Was a Follower of Okawaru.
             Slain by a troll (6 damage)
             ... on level 7 of the Dungeon.
             The game lasted 00:03:44 (6441 turns).

qw the Cleaver (Gargoyle Fighter)                   Turns: 6441, Time: 00:03:45

Health: -2/56      AC: 28    Str: 19    XL:     9   Next: 60%
Magic:  11/12      EV:  9    Int:  9    God:    Okawaru [*.....]
Gold:   415        SH:  6    Dex: 14    Spells: 8/8 levels left

rFire   . . .        Y - +0 war axe
rCold   . . .        c - +0 buckler
rNeg    + . .        n - +0 plate armour
rPois   inf          k - +1 helmet
rElec   +            (no cloak)
rCorr   .            e - +0 pair of gloves
SInv    .            f - +1 pair of boots "Irchegish" {Str-5 Dex+5}
Will    .....        b - amulet of regeneration Stlth
                     (no ring)
HPRegen 1.09/turn    (no ring)
MPRegen 0.13/turn

%: no passive effects
@: heroic
A: sickness immunity, AC +6, negative energy resistance 1, electricity
resistance, torment resistance 1, petrification resistance
a: Renounce Religion, Heroism


You were on level 7 of the Dungeon.
You worshipped Okawaru.
Okawaru was aware of your devotion.
You visited 2 branches of the dungeon, and saw 8 of its levels.

You collected 415 gold pieces.


Innate Abilities, Weirdness & Mutations

You are immune to sickness and miasma.
Your stone body is resilient. (AC +6)
You are immune to poison.
You resist negative energy. (rN+)
You are resistant to electric shocks. (rElec)
You are resistant to unholy torment.
You are immune to petrification.


   Skills:
 - Level 6.8(11.8) Fighting
 + Level 8.6(13.6) Axes
 - Level 6.2(11.2) Armour
 - Level 2.5(7.5) Dodging
 - Level 3.2(8.2) Shields
 - Level 4.0 Invocations


You had 8 spell levels left.
You didn't know any spells.
Your spell library was empty.

Inventory:

Hand Weapons
 j - a +0 flail
 Y - a +0 war axe (weapon)
Armour
 c - a +0 buckler (worn)
 e - a +0 pair of gloves (worn)
 f - the +1 pair of boots "Irchegish" (worn) {Str-5 Dex+5}
   (You found it on level 2 of the Dungeon)

   Str:       It affects your strength (-5).
   Dex:       It affects your dexterity (+5).
 k - a +1 helmet (worn)
 n - a +0 plate armour (worn)
Jewellery
 b - an amulet of regeneration (around neck)
Scrolls
 h - a scroll of identify
Potions
 a - a potion of mutation
 d - a potion of might
 g - a potion of curing
 i - a potion of resistance

Dungeon Overview and Level Annotations

Branches:
Dungeon (7/15)             Temple (1/1) D:6

Altars:
Ashenzari
Cheibriados
Dithmenos
Elyvilon
Fedhas
Hepliaklqana
Kikubaaqudgha
Makhleb
Nemelex Xobeh
Okawaru
Sif Muna
Trog
Uskayaw
Vehumet
Wu Jian
Xom
Yredelemnul
Zin


Message History

You hit something. Something hits you but does no damage.
You slash the troll!
The troll is moderately wounded.
Something hits you but does no damage. The troll bites you but does no damage.
You block the troll's attack. The troll claws you but does no damage.
You barely miss the troll.
The troll is moderately wounded.
The troll barely misses you. The troll claws you!
The troll claws you but does no damage.
You barely miss the troll.
The troll is moderately wounded.
Something hits you but does no damage. The troll bites you but does no damage.
The troll closely misses you. x2
You closely miss the troll.
The troll is moderately wounded.
The troll bites you!
The troll claws you but does no damage. x2
You barely miss the troll.
The troll is moderately wounded.
You hit something. Something hits you but does no damage.
You block the troll's attack. x2
The troll closely misses you.
You hit the troll.
The troll is moderately wounded.
You block something's attack.
You slash the troll!
The troll is heavily wounded.
You hit something but do no damage. Something hits you. The troll bites you!
You block the troll's attack. The troll claws you.
You hit the troll.
The troll is severely wounded.
Something hits you but does no damage. The troll bites you.
The troll closely misses you. The troll claws you but does no damage.
You completely miss the troll.
The troll is severely wounded.
You hit something but do no damage. Something hits you but does no damage.
The troll bites you but does no damage. The troll claws you but does no damage.
The troll claws you.
You die...

..............###......# ####
..............#........##...#
..##.........................
..#.....#...................#
.##..................%...)..#
.....................$.......
...#####............#........
...###..........T#..##)....##
....#...........@##..........
.##...............#.....#....
###.#.##..............#.J <.#
.####<###..........#####.# ##
......# #..........# ..
....### #..........# ..#
.#..### ###...!....#
##....### #.....#..#
#.......# >....##...#


You could see a troll.

Vanquished Creatures
  A gargoyle (D:7)
  Grinder (D:6)
  A slime creature (D:7)
  A water moccasin (D:5)
  A black bear (D:3)
  2 ogres (D:6)
  A centaur (D:6)
  2 phantoms
  2 kobold brigands
  A bullfrog (D:7)
  2 scorpions
  A wight (D:6)
  2 howler monkeys (D:7)
  2 quasits (D:6)
  3 jellies
  An orc priest (D:3)
  5 hounds
  3 sleepcaps (D:6)
  3 iguanas
  3 orc wizards
  7 gnolls
  2 adders
  8 river rats (D:6)
  4 shadow imps (D:6)
  4 white imps (D:6)
  2 ufetubi
  2 worms
  4 dart slugs
  23 orcs
  3 bats
  7 endoplasms
  5 giant cockroaches
  A hobgoblin (D:1)
  2 jackals (D:3)
  6 quokkas
  8 ball pythons
  5 frilled lizards
  4 goblins
  15 kobolds
  17 rats
167 creatures vanquished.

Vanquished Creatures (others)
  A shadow (D:7)
1 creature vanquished.

Grand Total: 168 creatures vanquished

Notes
Turn   | Place    | Note
-------+----------+-------------------------------------------
     0 | D:1      | qw the Gargoyle Fighter began the quest for the Orb.
     0 | D:1      | Reached XP level 1. HP: 14/14 MP: 1/1
     0 | D:1      | 0 ||| qw: Version: 0.2-a-102-gfc559e5
     0 | D:1      | 0 ||| qw: Game counter: 543
     0 | D:1      | 0 ||| qw: Always use a shield: true
     0 | D:1      | 0 ||| qw: God list: Okawaru
     0 | D:1      | 0 ||| qw: Allow faded altars: false
     0 | D:1      | 0 ||| qw: Do Orc after D:15 true
     0 | D:1      | 0 ||| qw: Do second Lair branch before Depths: true
     0 | D:1      | 0 ||| qw: Lair rune preference: random
     0 | D:1      | 0 ||| qw: Plans: Normal, Zot:1-4, Slime:5, God:TSO, Crypt,
                  | Tomb, Pan, Hells, Abyss, Win
     0 | D:1      | 0 ||| PLANNING D:1-11
    12 | D:1      | Reached skill level 2 in Axes
    69 | D:1      | 69 ||| Stepping ~*~*~tactically~*~*~ (stealth).
    76 | D:1      | Reached XP level 2. HP: 19/19 MP: 2/2
    95 | D:1      | 95 ||| Stepping ~*~*~tactically~*~*~ (hiding).
    97 | D:1      | 97 ||| Stepping ~*~*~tactically~*~*~ (hiding).
   171 | D:1      | 171 ||| Stepping ~*~*~tactically~*~*~ (hiding).
   501 | D:1      | 501 ||| Stepping ~*~*~tactically~*~*~ (stealth).
   513 | D:1      | Reached skill level 3 in Axes
   526 | D:1      | Reached XP level 3. HP: 23/23 MP: 3/3
   585 | D:1      | 585 ||| READING scroll labelled SEIPHEASOPPA.
   586 | D:1      | 586 ||| DRINKING 2 fizzy pink potions.
   821 | D:2      | 821 ||| Stepping ~*~*~tactically~*~*~ (stealth).
   870 | D:2      | Identified the +1 pair of boots "Irchegish" {Str-5 Dex+5}
   917 | D:2      | Found a hide-covered altar of Uskayaw.
  1156 | D:2      | 1156 ||| Stepping ~*~*~tactically~*~*~ (stealth).
  1159 | D:2      | 1159 ||| Stepping ~*~*~tactically~*~*~ (hiding).
  1160 | D:2      | 1160 ||| Stepping ~*~*~tactically~*~*~ (hiding).
  1161 | D:2      | 1161 ||| Stepping ~*~*~tactically~*~*~ (hiding).
  1163 | D:2      | 1163 ||| Stepping ~*~*~tactically~*~*~ (hiding).
  1437 | D:2      | 1437 ||| UPGRADING to +1 pair of boots "Irchegish" {Str-5
                  | Dex+5}.
  1442 | D:2      | 1442 ||| READING scroll labelled QALESMAUHE.
  1443 | D:2      | 1443 ||| DRINKING 2 grey potions.
  1470 | D:3      | Reached skill level 4 in Axes
  1470 | D:3      | Reached XP level 4. HP: 20/28 MP: 4/4
  1607 | D:3      | 1607 ||| DROPPING +0 whip.
  1639 | D:3      | Found a hazy altar of Hepliaklqana.
  1716 | D:3      | 1716 ||| Stepping ~*~*~tactically~*~*~ (hiding).
  1740 | D:3      | Reached skill level 1 in Dodging
  1740 | D:3      | 1740 ||| Stepping ~*~*~tactically~*~*~ (hiding).
  1746 | D:3      | HP: 4/28 [gnoll/+0 halberd (7)]
  1747 | D:3      | 1747 ||| DRINKING 3 potions of heal wounds.
  1757 | D:3      | Reached XP level 5. HP: 21/32 MP: 5/5
  1821 | D:3      | Noticed a black bear
  1826 | D:3      | HP: 4/32 [orc priest/divine providence (13)]
  1827 | D:3      | 1827 ||| DRINKING 2 potions of heal wounds.
  1829 | D:3      | 1829 ||| DRINKING potion of heal wounds.
  1830 | D:3      | Killed a black bear
  1831 | D:3      | Reached skill level 5 in Axes
  1833 | D:3      | Reached XP level 6. HP: 18/38 MP: 6/6
  2204 | D:3      | 2204 ||| Stepping ~*~*~tactically~*~*~ (hiding).
  2428 | D:3      | 2428 ||| READING scroll labelled AMYEKHLU OBULUI.
  2429 | D:3      | 2429 ||| READING scroll labelled NONORGH POCO.
  2459 | D:4      | 2459 ||| STAIRDANCE
  2722 | D:4      | Found a shadowy altar of Dithmenos.
  2858 | D:4      | Reached skill level 6 in Axes
  2860 | D:4      | Reached XP level 7. HP: 32/43 MP: 7/7
  2909 | D:4      | Found a burning altar of Makhleb.
  3151 | D:4      | Found a snail-covered altar of Cheibriados.
  3152 | D:4      | 3152 ||| READING scroll labelled EZIHESK XIJOEM.
  3322 | D:4      | Identified the +4 leather armour of the Dozen Friends
                  | {*Slow rC- Str+6 Stlth+}
  3389 | D:4      | 3389 ||| Stepping ~*~*~tactically~*~*~ (stealth).
  3391 | D:4      | 3391 ||| Stepping ~*~*~tactically~*~*~ (hiding).
  3393 | D:4      | 3393 ||| Stepping ~*~*~tactically~*~*~ (hiding).
  3395 | D:4      | 3395 ||| Stepping ~*~*~tactically~*~*~ (hiding).
  3591 | D:4      | Found a bloodstained altar of Trog.
  3595 | D:4      | 3595 ||| UPGRADING to +0 helmet.
  3600 | D:4      | 3600 ||| DROPPING +4 leather armour of the Dozen Friends
                  | {*Slow rC- Str+6 Stlth+}.
  3601 | D:4      | 3601 ||| READING scroll of enchant armour.
  3601 | D:4      | 3601 ||| ENCHANTING +0 helmet.
  3622 | D:5      | Entered Level 5 of the Dungeon
  3723 | D:5      | Reached skill level 7 in Axes
  3723 | D:5      | 3723 ||| FLEEEEING.
  3724 | D:5      | 3724 ||| FLEEEEING.
  3725 | D:5      | 3725 ||| FLEEEEING.
  3726 | D:5      | 3726 ||| FLEEEEING.
  3727 | D:5      | 3727 ||| FLEEEEING.
  3728 | D:5      | 3728 ||| FLEEEEING.
  3729 | D:5      | 3729 ||| FLEEEEING.
  3730 | D:5      | 3730 ||| FLEEEEING.
  3731 | D:5      | 3731 ||| FLEEEEING.
  3732 | D:5      | 3732 ||| FLEEEEING.
  3733 | D:5      | 3733 ||| FLEEEEING.
  3737 | D:5      | 3737 ||| FLEEEEING.
  3738 | D:5      | 3738 ||| FLEEEEING.
  3942 | D:5      | 3942 ||| Stepping ~*~*~tactically~*~*~ (stealth).
  3943 | D:5      | 3943 ||| Stepping ~*~*~tactically~*~*~ (stealth).
  3947 | D:5      | 3947 ||| Stepping ~*~*~tactically~*~*~ (stealth).
  3948 | D:5      | 3948 ||| Stepping ~*~*~tactically~*~*~ (stealth).
  4078 | D:5      | Found a glowing silver altar of Zin.
  4214 | D:5      | 4214 ||| UPGRADING to +0 pair of gloves.
  4219 | D:5      | 4219 ||| READING 2 scrolls labelled NUKLERUOCS.
  4220 | D:5      | 4220 ||| READING scroll labelled BANUOF TOTE.
  4321 | D:5      | 4321 ||| READING 2 scrolls labelled ZAKUSASK YFAXE.
  4326 | D:5      | 4326 ||| READING scroll labelled RAUMOH SOGOEQIDGHY.
  4327 | D:5      | 4327 ||| DRINKING 2 ruby potions.
  4328 | D:5      | 4328 ||| DROPPING potion of flight.
  4329 | D:5      | 4329 ||| DROPPING scroll of poison.
  4349 | D:6      | 4349 ||| Stepping ~*~*~tactically~*~*~ (hiding).
  4355 | D:6      | Reached XP level 8. HP: 49/49 MP: 8/8
  4363 | D:6      | HP: 12/49 [shadow imp/nerve-wracking pain (4)]
  4364 | D:6      | 4364 ||| READING scroll of teleportation.
  4372 | D:6      | 4372 ||| Stepping ~*~*~tactically~*~*~ (stealth).
  4428 | D:6      | 4428 ||| Stepping ~*~*~tactically~*~*~ (stealth).
  4534 | D:6      | Found a staircase to the Ecumenical Temple.
  4535 | D:6      | 4535 ||| PLANNING TEMPLE
  4541 | D:6      | 4541 ||| Stepping ~*~*~tactically~*~*~ (hiding).
  4543 | D:6      | 4543 ||| Stepping ~*~*~tactically~*~*~ (hiding).
  4545 | D:6      | 4545 ||| Stepping ~*~*~tactically~*~*~ (hiding).
  4546 | D:6      | 4546 ||| Stepping ~*~*~tactically~*~*~ (hiding).
  4562 | D:6      | Reached skill level 8 in Axes
  4617 | Temple   | Entered the Ecumenical Temple
  4760 | Temple   | 4760 ||| PLANNING OKAWARU WORSHIP
  4850 | Temple   | Became a worshipper of Warmaster Okawaru
  4850 | Temple   | 4850 ||| PLANNING D:1-11
  5075 | D:6      | Noticed Grinder
  5077 | D:6      | 5077 ||| Stepping ~*~*~tactically~*~*~ (stealth).
  5084 | D:6      | Paralysed by Grinder for 4 turns
  5092 | D:6      | 5092 ||| FLEEEEING.
  5093 | D:6      | 5093 ||| FLEEEEING.
  5094 | D:6      | 5094 ||| FLEEEEING.
  5108 | D:6      | 5108 ||| FLEEEEING.
  5109 | D:6      | 5109 ||| FLEEEEING.
  5110 | D:6      | 5110 ||| FLEEEEING.
  5111 | D:6      | 5111 ||| FLEEEEING.
  5112 | D:6      | 5112 ||| FLEEEEING.
  5148 | D:6      | Paralysed by Grinder for 5 turns
  5154 | D:6      | Paralysed by Grinder for 5 turns
  5155 | D:6      | HP: 12/51 [Grinder (3)]
  5162 | D:6      | Paralysed by Grinder for 3 turns
  5165 | D:6      | HP: 9/51 [Grinder (1)]
  5173 | D:6      | Killed Grinder
  5174 | D:6      | Reached skill level 6 in Fighting
  5394 | D:6      | 5394 ||| FLEEEEING.
  5395 | D:6      | 5395 ||| FLEEEEING.
  5508 | D:6      | Reached * piety under Okawaru
  5601 | D:6      | Reached skill level 1 in Invocations
  5695 | D:6      | Reached XP level 9. HP: 54/56 MP: 8/10
  5903 | D:6      | Reached skill level 3 in Invocations
  6007 | D:6      | 6007 ||| UPGRADING to +0 chain mail.
  6017 | D:6      | 6017 ||| DROPPING +0 scale mail.
  6018 | D:6      | 6018 ||| UPGRADING to +0 plate armour.
  6028 | D:6      | 6028 ||| DROPPING +0 chain mail.
  6029 | D:6      | 6029 ||| READING scroll labelled BOSUWE SEMOOPH.
  6030 | D:6      | 6030 ||| READING 3 scrolls of identify.
  6030 | D:6      | 6030 ||| IDENTIFYING purple potion
  6031 | D:6      | 6031 ||| READING 2 scrolls of identify.
  6031 | D:6      | 6031 ||| IDENTIFYING fizzy puce potion
  6057 | D:7      | 6057 ||| Stepping ~*~*~tactically~*~*~ (stealth).
  6060 | D:7      | 6060 ||| Stepping ~*~*~tactically~*~*~ (hiding).
  6062 | D:7      | 6062 ||| Stepping ~*~*~tactically~*~*~ (hiding).
  6068 | D:7      | 6068 ||| DRINKING 2 potions of curing.
  6068 | D:7      | 6068 ||| (to cure confusion)
  6095 | D:7      | 6095 ||| Stepping ~*~*~tactically~*~*~ (hiding).
  6175 | D:7      | Noticed a gargoyle
  6185 | D:7      | 6185 ||| INVOKING Heroism.
  6191 | D:7      | Killed a gargoyle
  6201 | D:7      | 6201 ||| FLEEEEING.
  6202 | D:7      | 6202 ||| FLEEEEING.
  6203 | D:7      | 6203 ||| FLEEEEING.
  6204 | D:7      | 6204 ||| FLEEEEING.
  6207 | D:7      | HP: 13/56 [something (5)]
  6217 | D:7      | 6217 ||| FLEEEEING.
  6221 | D:7      | 6221 ||| STAIRDANCE
  6373 | D:6      | 6373 ||| UPGRADING to amulet of regeneration.
  6410 | D:7      | 6410 ||| INVOKING Heroism.
  6418 | D:7      | Reached skill level 6 in Armour
  6424 | D:7      | Noticed a troll
  6425 | D:7      | 6425 ||| Stepping ~*~*~tactically~*~*~ (stealth).
  6430 | D:7      | 6430 ||| INVOKING Heroism.
  6439 | D:7      | HP: 9/56 [troll (12)]
  6440 | D:7      | HP: 3/56 [troll (6)]
  6441 | D:7      | Slain by a troll

Levels and vault maps discovered:
D:1:      scummos_arrival_checkerplants, layout_basic
D:2:      layout_basic, basic_altar, grunt_ministairs_1
D:3:      layout_loops_ring, general_overflow_altar, dk_vineyard_2
D:4:      layout_loops_corners, nicolae_dithmenos_shadow_blocks,
          lightli_temple_of_fire, cheibrodos_worm_habitat,
          makhleb_heckhound_becter
D:5:      layout_rooms, zin_statuary
D:6:      lemuel_ratsnest, layout_cave_pools, minmay_temple_entry_trees,
          serial_demonic, serial_demonic_a, serial_demonic_g, serial_demonic_a,
          serial_demonic_a, amcnicky_mini_rare_corridor_liquid, uniq_grinder
D:7:      minmay_blocky_corners, layout_cave_pools, hangedman_decor_growths
Temple:   minmay_temple_curvy_loop

Skill      XL: |  1  2  3  4  5  6  7  8  9 |
---------------+----------------------------+-----
Axes           | 2 3 4 5 6 7 8 |  8.6
Dodging        | 1 2 |  2.5
Fighting       | 4 5 6 |  6.8
Invocations    | 2 4 |  4.0
Armour         | 6 |  6.2
Shields        | |  3.2

Action                     |  1- 3 |  4- 6 |  7- 9 || total
---------------------------+-------+-------+-------++-------
  Melee: War axe           |    86 |   124 |   402 ||   612
  Throw: Boomerang         |     8 |       |       ||     8
 Invoke: Heroism           |       |       |     3 ||     3
    Use: Potion            |     2 |     3 |     2 ||     7
         Scroll            |     2 |     2 |    10 ||    14
 Armour: Scale mail        |    35 |    67 |   207 ||   309
         Plate armour      |       |       |   104 ||   104
  Dodge: Dodged            |    35 |    52 |   187 ||   274
  Block: Buckler           |    22 |    29 |    94 ||   145

Table legend:
 A = Non-vault XP
 B = Vault XP
 C = Vault XP percentage of total XP
 D = Non-vault monster count
 E = Vault monster count
 F = Vault count percentage of total count
                 A         B        C        D         E       F
            +---------+---------+-------+---------+---------+-------
      Total |    2158 |    1582 |  42.3 |     119 |      48 |  28.7
            +---------+---------+-------+---------+---------+-------
        D:1 |      34 |       0 |   0.0 |      18 |       0 |   0.0
        D:2 |      27 |       2 |   6.9 |      15 |       1 |   6.2
        D:3 |     457 |       0 |   0.0 |      28 |       0 |   0.0
        D:4 |     176 |      42 |  19.3 |      19 |       1 |   5.0
        D:5 |     431 |       0 |   0.0 |      11 |       0 |   0.0
        D:6 |     649 |     873 |  57.4 |      14 |      44 |  75.9
        D:7 |     384 |     665 |  63.4 |      14 |       2 |  12.5
            +---------+---------+-------+---------+---------+-------
